Map: [ESL] Oceanborn

Players

BattleB - Winner!

  • Race: Terran Terran
  • Spawn Location: 5:00

Krystianer

  • Race: Protoss Protoss
  • Spawn Location: 11:00

Event: ESL SC2 Masters 2023 Winter (Regional)

VOD

Have the link to the VOD?

Description

Time

  • Played on: Oct. 27, 2023, 12:42 p.m.
  • Length: 5:44

All games in this series

Show
View Real Time Build Order
Export as new Build Order

BattleB Terran - Winner!

Build Orders: 2 Factory, Cyclone Opening 

Get SALT Encoding   

  12  0:00  SCV  
  13  0:12  SCV  
  14  0:16  Supply Depot  
  14  0:24  SCV  
  15  0:38  SCV  
  15  0:40  Barracks  
  15  0:42  Refinery  
  16  0:50  SCV  
  16  0:52  Refinery  
  17  1:02  SCV  
  18  1:14  SCV  
  19  1:20  Supply Depot  
  19  1:27  Orbital Command, Reaper  
  20  1:40  Factory  
  20  1:53  SCV  
  21  1:59  Barracks Reactor  
  21  2:05  SCV  
  21  2:06  Factory  
  22  2:17  SCV  
  23  2:29  SCV  
  24  2:41  Cyclone x2  
  24  2:42  SCV  
  24  2:43  Supply Depot  
  29  2:45  Marine  
  30  2:51  Factory Reactor  
  30  2:54  SCV  
  31  3:04  Marine  
  32  3:07  Supply Depot  
  32  3:13  Cyclone x2  
  36  3:22  Marine  
  37  3:28  Cyclone  
  37  3:29  Cyclone  
  37  3:31  Supply Depot  
  41  3:45  Cyclone x2  
  41  3:47  Marine  
  46  3:53  Supply Depot  
  46  4:00  Cyclone  
  48  4:13  Cyclone  
  48  4:27  Cyclone  
  44  4:33  Cyclone  
  46  4:43  Cyclone  
  41  4:55  Cyclone  
  36  5:05  Cyclone  
  34  5:10  Cyclone  
Show
View Real Time Build Order
Export as new Build Order

Krystianer Protoss 

Build Orders: 1 Gate Expand, Oracle Opening 

Get SALT Encoding   

  12  0:00  Probe  
  13  0:12  Probe  
  14  0:17  Pylon  
  14  0:24  Probe (Chrono Boost)  
  16  0:36  Gateway, Probe (Chrono Boost)  
  16  0:42  Probe (Chrono Boost)  
  16  0:45  Assimilator  
  17  0:51  Probe  
  18  1:03  Probe  
  19  1:15  Probe  
  20  1:23  Nexus  
  20  1:32  Cybernetics Core  
  20  1:35  Probe  
  21  1:40  Assimilator  
  21  1:48  Probe  
  21  1:50  Pylon  
  22  2:00  Probe  
  23  2:05  Adept (Chrono Boost)  
  25  2:12  Probe  
  25  2:15  Stargate  
  26  2:23  Warp Gate  
  26  2:24  Probe  
  26  2:28  Adept (Chrono Boost)  
  29  2:34  Probe  
  29  2:36  Probe  
  31  2:47  Probe  
  31  2:48  Probe  
  31  2:49  Adept (Chrono Boost)  
  35  2:59  Oracle (Chrono Boost), Probe  
  35  3:00  Probe  
  40  3:12  Probe  
  42  3:17  Gateway  
  42  3:18  Shield Battery  
  41  3:20  Gateway  
  40  3:28  Oracle  
  43  3:34  Probe, Pylon  
  43  3:37  Probe  
  45  3:46  Probe  
  46  3:52  Pylon, Probe  
  46  3:53  Assimilator  
  47  3:57  Twilight Council  
  47  3:59  Probe  
  48  4:04  Probe  
  49  4:11  Probe  
  49  4:14  Stalker  
  49  4:15  Stalker x2  
  56  4:23  Probe  
  55  4:25  Probe  
  45  4:38  Stalker x2  
  45  4:43  Stalker  
  48  4:49  Probe  
  48  4:52  Probe  
  39  5:01  Probe  
  39  5:05  Stalker x2  
  36  5:11  Stalker  
  36  5:12  Probe  
  34  5:18  Probe  
  34  5:30  Probe  
  34  5:31  Stalker  
  34  5:34  Stalker  
  37  5:42  Stalker  
Tags
 
Add a new tag
Caveats
  • Supply blocks, unpowered buildings, or Contaminate may cause inaccurate times.
  • Supply counts are checked every 10 seconds.